Map: Orbital Shipyard

Players

GraVe - Winner!

  • Race: Protoss Protoss
  • League: Diamond

wrj

  • Race: Zerg Zerg
  • League: Master

Event: Lycan League Weekly August #2

VOD

Have the link to the VOD?

Description

Time

  • Played on: Aug. 10, 2015, 12:24 p.m.
  • Length: 12:58

All games in this series

Show
View Real Time Build Order
Export as new Build Order

GraVe Protoss - Winner!

Build Orders: Phoenix Opening 

Get SALT Encoding   

  12  0:01  Probe  
  13  0:14  Pylon  
  13  0:17  Probe  
  14  0:32  Probe (Chrono Boost)  
  15  0:35  Gateway  
  15  0:42  Probe (Chrono Boost)  
  16  0:49  Probe  
  17  0:51  Assimilator  
  17  1:01  Probe (Chrono Boost)  
  18  1:06  Pylon  
  19  1:13  Probe (Chrono Boost)  
  19  1:19  Probe (Chrono Boost)  
  19  1:24  Cybernetics Core  
  20  1:30  Probe  
  21  1:46  Nexus  
  21  1:50  Probe (Chrono Boost)  
  21  1:53  Assimilator  
  23  2:01  Probe (Chrono Boost)  
  23  2:04  Warp Gate  
  23  2:05  Adept  
  23  2:08  Probe (Chrono Boost)  
  26  2:18  Probe (Chrono Boost)  
  26  2:19  Pylon  
  27  2:25  Mothership Core (Chrono Boost)  
  29  2:46  Probe (Chrono Boost)  
  30  2:51  Stargate  
  30  2:55  Probe (Chrono Boost)  
  31  3:00  Probe  
  32  3:06  Probe  
  32  3:07  Sentry  
  32  3:12  Probe (Chrono Boost)  
  36  3:18  Probe (Chrono Boost)  
  36  3:27  Gateway  
  36  3:28  Probe (Chrono Boost)  
  36  3:29  Gateway  
  36  3:30  Probe (Chrono Boost)  
  37  3:35  Phoenix (Chrono Boost)  
  37  3:37  Probe (Chrono Boost)  
  37  3:41  Probe (Chrono Boost), Pylon  
  41  3:44  Probe (Chrono Boost)  
  41  3:47  Probe, Assimilator  
  43  3:49  Assimilator  
  43  3:53  Probe  
  44  3:58  Phoenix (Chrono Boost)  
  44  3:59  Probe, Pylon  
  47  4:07  Probe  
  48  4:11  Probe  
  51  4:18  Adept, Phoenix (Chrono Boost)  
  51  4:19  Probe  
  54  4:26  Probe  
  54  4:27  Adept x2  
  59  4:36  Phoenix  
  61  4:40  Probe  
  61  4:42  Pylon  
  61  4:43  Pylon  
  62  4:48  Robotics Facility  
  62  4:52  Probe  
  63  4:59  Probe  
  64  5:00  Nexus  
  64  5:04  Pylon  
  64  5:06  Probe  
  65  5:07  Phoenix (Chrono Boost)  
  67  5:17  Forge  
  67  5:23  Probe  
  67  5:25  Probe, Phoenix  
  71  5:31  Pylon  
  71  5:33  Gateway  
  71  5:36  Gateway  
  71  5:40  Sentry x3  
  77  5:49  Probe  
  78  5:51  Protoss Ground Weapons Level 1 (Chrono Boost)  
  78  5:56  Probe (Chrono Boost)  
  79  6:01  Probe (Chrono Boost)  
  80  6:08  Probe (Chrono Boost)  
  80  6:09  Warp Prism  
  84  6:11  Probe (Chrono Boost)  
  84  6:14  Probe (Chrono Boost)  
  84  6:15  Probe (Chrono Boost)  
  84  6:18  Robotics Bay  
  86  6:22  Twilight Council  
  86  6:23  Gateway  
  86  6:27  Gateway  
  86  6:29  Probe  
  87  6:35  Probe  
  87  6:39  Zealot  
  90  6:43  Adept x4  
  90  6:46  Probe  
  99  6:48  Phoenix  
  101  6:56  Probe  
  102  7:02  Observer  
  103  7:09  Probe x2  
  105  7:17  Probe  
  105  7:21  Probe  
  107  7:24  Adept x2  
  114  7:30  Disruptor, Pylon  
  114  7:32  Protoss Ground Weapons Level 2 (Chrono Boost)  
  114  7:34  Pylon  
  114  7:36  Pylon  
  114  7:38  Pylon  
  114  7:39  Shield Upgrade (Chrono Boost)  
  114  7:42  Disruptor, Pylon x2  
  114  7:44  Pylon  
  114  7:46  Pylon  
  114  7:48  Probe x2  
  114  7:50  Adept  
  114  7:51  Adept x2  
  122  7:53  Zealot  
  122  7:56  Pylon  
  124  7:58  Pylon  
  124  8:00  Pylon  
  124  8:02  Pylon  
  124  8:06  Colossus  
  128  8:13  Adept x3  
  128  8:14  Adept  
  134  8:21  Adept  
  123  8:34  Probe  
  118  8:41  Probe x2  
  118  8:43  Adept x2  
  118  8:44  Adept x3  
  128  8:58  Gateway  
  128  9:00  Gateway, Nexus  
  128  9:01  Gateway  
  128  9:02  Pylon  
  131  9:05  Gateway  
  131  9:07  Disruptor  
  131  9:10  Gateway  
  131  9:29  Disruptor  
  131  9:34  Adept  
  131  9:35  Stalker, Adept x3  
  131  9:36  Stalker x2  
  145  9:38  Photon Cannon  
  145  9:43  Pylon  
  145  9:44  Gateway  
  148  9:47  Gateway  
  148  9:49  Gateway  
  148  9:50  Disruptor  
  148  9:51  Assimilator  
  148  9:54  Photon Cannon  
  148  9:56  Protoss Ground Weapons Level 3 (Chrono Boost), Assimilator  
  148  9:58  Photon Cannon, Blink (Chrono Boost)  
  148  10:02  Disruptor  
  110  10:21  Adept x3  
  110  10:22  Adept x4  
  115  10:31  Observer (Chrono Boost)  
  96  10:44  Adept  
  96  10:45  Adept x6  
  110  10:59  Phoenix (Chrono Boost)  
  110  11:02  Colossus (Chrono Boost)  
  118  11:05  Stalker  
  118  11:06  Stalker x2  
  118  11:07  Adept x2  
  126  11:23  Stalker  
  126  11:24  Stalker x4  
  129  11:43  Probe x3, Assimilator  
  129  11:44  Stalker x2  
  129  11:45  Stalker x4  
  144  11:47  Assimilator  
  144  11:49  Pylon  
  144  11:59  Pylon  
  144  12:12  Nexus  
  144  12:13  Pylon  
  144  12:15  Warp Prism (Chrono Boost)  
  144  12:16  Assimilator  
  144  12:17  Mothership Core  
  144  12:20  Adept x4, Assimilator  
  144  12:21  Adept x6  
  144  12:22  Adept  
  170  12:41  Adept x3  
  170  12:42  Adept x5  
  164  12:53  Stalker x3  
Show
View Real Time Build Order
Export as new Build Order

wrj Zerg 

Build Orders: Hatch First, Lurkers 

Get SALT Encoding   

  12  0:01  Drone  
  13  0:08  Drone  
  14  0:17  Overlord  
  14  0:22  Extractor  
  14  0:23  Drone  
  15  0:46  Hatchery  
  15  0:50  Drone  
  15  0:53  Drone  
  15  0:56  Drone  
  17  1:12  Drone  
  17  1:17  Spawning Pool  
  17  1:20  Drone  
  18  1:34  Drone x2, Extractor  
  19  1:50  Drone  
  20  1:58  Drone  
  21  2:04  Queen x2  
  21  2:06  Zergling x2  
  21  2:07  Drone  
  27  2:10  Overlord  
  27  2:17  Drone  
  28  2:29  Drone x2  
  30  2:33  Drone  
  31  2:40  Queen  
  33  2:44  Zergling x4  
  33  2:45  Metabolic Boost  
  35  2:57  Hatchery  
  34  2:59  Drone  
  34  3:00  Drone  
  34  3:05  Overlord  
  35  3:19  Drone  
  35  3:25  Drone x2  
  36  3:29  Lair, Extractor  
  36  3:30  Drone, Extractor  
  36  3:31  Drone x3  
  38  3:36  Overlord  
  38  3:40  Drone  
  38  3:41  Drone  
  40  3:45  Drone  
  41  3:49  Drone  
  41  3:50  Drone  
  41  3:55  Drone  
  44  3:56  Drone  
  44  4:00  Overlord  
  44  4:01  Drone  
  46  4:06  Drone  
  46  4:07  Drone  
  47  4:11  Extractor  
  47  4:15  Drone x3  
  49  4:20  Drone x3  
  52  4:28  Hydralisk Den  
  52  4:29  Queen  
  53  4:34  Spore Crawler  
  53  4:36  Spore Crawler  
  51  4:39  Drone x2  
  51  4:41  Drone  
  51  4:43  Drone  
  55  4:47  Spore Crawler  
  54  4:55  Overlord  
  54  4:57  Evolution Chamber x2  
  54  4:59  Overlord  
  52  5:17  Drone  
  52  5:18  Drone x11  
  64  5:25  Drone, Lurker Den  
  64  5:27  Drone  
  64  5:28  Drone x2, Extractor  
  65  5:30  Extractor  
  65  5:32  Queen  
  59  5:51  Hydralisk x3  
  65  5:59  Overlord x3  
  65  6:03  Zerg Melee Weapons Level 1  
  65  6:04  Zerg Ground Armor Level 1  
  65  6:16  Overlord  
  65  6:20  Hydralisk x2  
  69  6:29  Hydralisk x4  
  69  6:31  Zergling x4  
  69  6:32  Zergling x6  
  80  6:42  Hydralisk x3, Zergling x6  
  80  6:45  Overlord  
  89  6:49  Drone  
  88  6:54  Overlord  
  88  6:57  Queen  
  88  6:58  Overlord  
  90  7:02  Hydralisk  
  90  7:05  Drone x3  
  90  7:06  Drone x2  
  90  7:07  Drone x3  
  94  7:24  Lurker  
  94  7:25  Lurker x4  
  94  7:28  Overlord x2  
  94  7:29  Overlord x2  
  97  7:39  Overlord  
  97  7:48  Drone x3  
  101  7:51  Drone  
  101  7:52  Drone  
  101  7:53  Hydralisk x5  
  101  7:54  Hydralisk  
  113  8:13  Hydralisk x2  
  113  8:15  Hydralisk, Zergling x10  
  113  8:24  Hydralisk x3  
  113  8:26  Zergling x6  
  113  8:27  Zergling x2  
  102  8:29  Queen  
  88  8:45  Drone x4  
  88  8:46  Drone  
  92  8:59  Overseer  
  92  9:01  Lurker  
  92  9:02  Lurker x7, Hydralisk  
  100  9:03  Hydralisk x4  
  107  9:10  Hydralisk  
  107  9:11  Hydralisk  
  107  9:13  Hatchery, Overlord  
  107  9:14  Zergling x8  
  112  9:19  Hydralisk, Zergling x6  
  115  9:31  Drone x3  
  115  9:39  Overlord  
  115  9:40  Hydralisk x4  
  115  9:43  Zergling x6  
  126  9:45  Hydralisk  
  126  9:50  Overlord x2  
  127  10:05  Hydralisk x2  
  114  10:17  Hydralisk x4  
  114  10:19  Zergling x4  
  114  10:20  Hydralisk  
  116  10:22  Zergling x2  
  116  10:24  Hydralisk  
  116  10:31  Hydralisk  
  116  10:33  Zergling x4  
  108  10:39  Hydralisk x2  
  105  10:42  Zergling x2  
  105  10:44  Overseer  
  105  10:48  Queen  
  107  10:52  Hydralisk x2  
  107  10:54  Zergling x2  
  112  10:57  Zergling x2  
  112  11:03  Zergling x2  
  112  11:04  Zergling x2  
  115  11:11  Zergling x4  
  113  11:15  Zergling x2  
  111  11:21  Zergling x2  
  111  11:23  Hydralisk x2  
  111  11:25  Zergling x6  
  104  11:27  Zergling x4  
  104  11:30  Zergling x4  
  104  11:31  Drone x2  
  93  11:43  Drone x3  
  96  11:51  Lurker x5  
  96  11:53  Zergling x6  
  104  11:59  Zergling x2  
  105  12:01  Drone  
  105  12:02  Drone, Queen  
  105  12:08  Lurker  
  110  12:09  Lurker  
  110  12:11  Zergling x14  
  110  12:13  Overseer  
  118  12:20  Extractor  
  118  12:22  Extractor  
  116  12:26  Drone x2  
  116  12:27  Drone x4  
  105  12:49  Hatchery  

Tags
 
Add a new tag
Caveats
  • Supply blocks, unpowered buildings, or Contaminate may cause inaccurate times.
  • Supply counts are checked every 10 seconds.